 Dungeon Crawl Stone Soup version 0.31.0-32-g396128a36d (webtiles) character file.

Game seed: 17879103078376727226

431 AdnanSaban the Cudgeller (level 6, -3/38 HPs)
             Began as a Gargoyle Fighter on Apr 17, 2024.
             Slain by a wight
             ... wielding a +2 halberd of freezing
              (7 damage)
             ... on level 6 of the Dungeon.
             The game lasted 00:02:34 (2447 turns).

AdnanSaban the Cudgeller (Gargoyle Fighter)         Turns: 2447, Time: 00:02:35

Health: -3/38      AC: 21    Str: 22    XL:     6   Next: 99%
Magic:  6/6        EV:  6    Int:  8    God:
Gold:   174        SH:  4    Dex:  9    Spells: 5/5 levels left

rFire   . . .        a - +0 flail
rCold   . . .        c - +0 buckler
rNeg    + + .        p - +0 plate armour
rPois   ∞            s - +0 helmet
rElec   +            (no cloak)
rCorr   .            l - +0 pair of gloves
SInv    .            k - +1 pair of boots
Will    .....        (no amulet) Stlth
                     o - +4 ring of slaying
HPRegen 0.26/turn    i - ring of positive energy
MPRegen 0.10/turn

%: no passive effects
@: no status effects
A: sickness immunity, AC +4, negative energy resistance 1, electricity
resistance, torment resistance 1, petrification resistance
a: no special abilities


You were on level 6 of the Dungeon.
You visited 1 branch of the dungeon, and saw 5 of its levels.

You collected 174 gold pieces.

Inventory:

Hand Weapons
 a - a +0 flail (weapon)
Missiles
 g - 14 poisoned darts (quivered)
 v - a boomerang
Armour
 c - a +0 buckler (worn)
 k - a +1 pair of boots (worn)
 l - a +0 pair of gloves (worn)
 p - a +0 plate armour (worn)
 s - a +0 helmet (worn)
Jewellery
 i - a ring of positive energy (right hand)
 o - a +4 ring of slaying (left hand)
Scrolls
 f - 3 scrolls of teleportation {unknown}
 j - 9 scrolls of identify {unknown}
 m - a scroll of vulnerability {unknown}
 n - a scroll of amnesia {unknown}
 r - a scroll of fog {unknown}
Potions
 b - a potion of resistance {unknown}
 d - a potion of might
 e - a potion of haste {unknown}
 h - 2 potions of lignification {unknown}
 q - 2 potions of degeneration {unknown}
 t - a potion of brilliance {unknown}
 u - a potion of heal wounds {unknown}


   Skills:
 + Level 4.2 Fighting
 + Level 5.4 Maces & Flails
 + Level 4.7 Armour
 + Level 0.8 Dodging
 + Level 0.1 Stealth
 + Level 3.9 Shields


You had 5 spell levels left.
You didn't know any spells.
Your spell library contained the following spells:

 Spells                   Type           Power      Damage    Failure   Level
 Summon Small Mammal      Summ           0%         N/A       100%        1
 Blink                    Tloc           0%         N/A       100%        2
 Lesser Beckoning         Tloc           0%         N/A       100%        2
 Momentum Strike          Conj/Tloc      0%         3d8       100%        2
 Call Canine Familiar     Summ           0%         N/A       100%        3
 Fugue of the Fallen      Necr           0%         N/A       100%        3
 Gell's Gravitas          Tloc           0%         N/A       100%        3
 Ozocubu's Armour         Ice            0%         N/A       100%        3
 Teleport Other           Tloc           0%         N/A       100%        3
 Manifold Assault         Tloc           0%         N/A       100%        4
 Summon Blazeheart Golem  Fire/Summ      0%         N/A       100%        4
 Dispersal                Tloc           0%         N/A       100%        6


Dungeon Overview and Level Annotations

Branches:
Dungeon (4/15)
 Temple: D:4-7

Altars:
Fedhas

Shops:
D:2 :


Innate Abilities, Weirdness & Mutations

You are immune to sickness and miasma.
Your stone body is resilient. (AC +4)
You are immune to poison.
You resist negative energy. (rN+)
You are resistant to electric shocks. (rElec)
You are resistant to unholy torment.
You are immune to petrification.


Message History

You are too injured to fight recklessly!
You are too injured to fight recklessly!
You are too injured to fight recklessly!
You are too injured to fight recklessly!
You are too injured to fight recklessly!
You are too injured to fight recklessly!
You are too injured to fight recklessly!
You are too injured to fight recklessly!
You are too injured to fight recklessly!
You are too injured to fight recklessly!
You are too injured to fight recklessly!
You are too injured to fight recklessly!
You hit the wight but do no damage. The wight hits you but does no damage.
You thump the wight!
The wight is heavily damaged.
The wight hits you but does no damage.
You hit the wight but do no damage.
The wight is heavily damaged.
The wight hits you with a +2 halberd of freezing.
The wight freezes you.
You barely miss the wight.
The wight is heavily damaged.
The wight closely misses you.
You sock the wight!
The wight is almost destroyed.
The wight hits you with a +2 halberd of freezing.
* * * LOW HITPOINT WARNING * * *
The wight freezes you.
* * * LOW HITPOINT WARNING * * *
You barely miss the wight.
The wight is almost destroyed.
The wight hits you with a +2 halberd of freezing.
* * * LOW HITPOINT WARNING * * *
The wight freezes you.
* * * LOW HITPOINT WARNING * * *
You block the wight's attack.
You hit the wight but do no damage.
The wight is almost destroyed.
The wight hits you with a +2 halberd of freezing!
You die...

##.###.# .......# #+
##.##### #. #.# #. #.#
##. #.# ######.. ##
#.######...#... .#####.
#........#.##..#z......
########...# #†@#
##.#####)# #.......#
#########


You could see a wight.

Vanquished Creatures
  A bullfrog (D:6)
  2 wights (D:6)
  A howler monkey (D:6)
  A bombardier beetle (D:3)
  An orc priest (D:6)
  An iguana (D:6)
  An orc wizard (D:6)
  4 adders
  2 dart slugs
  7 orcs (D:6)
  8 bats
  An endoplasm (D:1)
  5 giant cockroaches
  7 goblins
  4 hobgoblins
  2 jackals (D:1)
  4 quokkas
  5 ball pythons
  4 frilled lizards
  5 kobolds
  2 rats (D:1)
68 creatures vanquished.

Notes
Turn   | Place    | Note
-------+----------+-------------------------------------------
     0 | D:1      | AdnanSaban the Gargoyle Fighter began the quest for the
                  | Orb.
     0 | D:1      | Reached XP level 1. HP: 14/14 MP: 1/1
    40 | D:1      | Reached XP level 2. HP: 19/19 MP: 2/2
   376 | D:1      | Reached XP level 3. HP: 24/24 MP: 3/3
   740 | D:2      | Found Fizilaufe's Vocational Training.
   886 | D:2      | Found a blossoming altar of Fedhas.
   986 | D:2      | Reached XP level 4. HP: 29/29 MP: 4/4
  1232 | D:3      | Reached skill level 3 in Maces & Flails
  1986 | D:4      | Reached XP level 5. HP: 33/33 MP: 5/5
  2065 | D:4      | Identified the ring of Goud {rPois rN+ Str+2 Int+6 Slay-5}
  2127 | D:4      | You fall into a shaft and drop 2 floors!
  2253 | D:6      | Reached skill level 4 in Maces & Flails
  2361 | D:6      | Reached XP level 6. HP: 38/38 MP: 6/6
  2432 | D:6      | Reached skill level 5 in Maces & Flails
  2447 | D:6      | Slain by a wight

Illustrated notes

Levels and vault maps discovered:
D:1:      saegor_arrival_simple_d, layout_loops_cross, minmay_pentomino_x2
D:2:      layout_rooms, basic_altar, moated_statue, minmay_misc_feat_tiny,
          nrook_mini_vaults, nicolae_shop_vocational
D:3:      layout_loops_cross, bh_walls_and_bars
D:4:      layout_loops_ring, dk_rats_in_the_wall
D:6:      layout_loops_corners, minmay_temple_entry_large_hall

Skill      XL: |  1  2  3  4  5  6 |
---------------+-------------------+-----
Maces & Flails | 3 4 5 |  5.4
Fighting       | 4 |  4.2
Armour         | 4 |  4.7
Dodging        | |  0.8
Stealth        | |  0.1
Shields        | |  3.9

Action                     |  1- 3 |  4- 6 || total
---------------------------+-------+-------++-------
  Melee: Flail             |   133 |   107 ||   240
 Armour: Scale mail        |   136 |    13 ||   149
         Plate armour      |       |    54 ||    54
  Dodge: Dodged            |    89 |    35 ||   124
  Block: Buckler           |    39 |    35 ||    74
